 Dungeon Crawl Stone Soup version 0.28-a0-533-g9f97627e2a (webtiles) character file.

Game seed: 2676567910570976551

14286 demibob the Spear-Bearer (level 11, -2/75 HPs)
             Began as a Demonspawn Gladiator on Sept 25, 2021.
             Was an Elder of Makhleb.
             Slain by a seven-headed hydra (8 damage)
             ... on level 2 of the Lair of Beasts.
             The game lasted 00:24:28 (11430 turns).

demibob the Spear-Bearer (Demonspawn Gladiator)    Turns: 11430, Time: 00:24:28

Health: -2/75      AC: 14    Str: 17    XL:     11   Next: 86%
Magic:  0/19       EV: 15    Int:  9    God:    Makhleb [****..]
Gold:   544        SH:  0    Dex: 16    Spells: 10/10 levels left

rFire   + . .      SeeInvis .   a - +1 trident (flame)
rCold   . . .      Faith    .   (no shield)
rNeg    + . .      Spirit   +   b - +0 leather armour
rPois   .          Reflect  .   c - +0 helmet
rElec   +          Harm     .   m - +2 cloak
rCorr   .          Rampage  .   (no gloves)
Will    .....                   g - +1 pair of boots
Stlth   +.........              i - amulet of guardian spirit
HPRegen 0.22/turn               l - ring "Boykhlek" {Contam Fly rElec rF+ rN+}
MPRegen 0.16/turn               T - +4 ring of protection

@: flying
A: hooves 1, rugged brown scales 1, foul stench 3, spiny 1
a: Renounce Religion, Minor Destruction, Lesser Servant of Makhleb, Major
Destruction


You were on level 2 of the Lair of Beasts.
You worshipped Makhleb.
Makhleb was greatly pleased with you.
You visited 2 branches of the dungeon, and saw 12 of its levels.

You collected 729 gold pieces.
You spent 185 gold pieces at shops.


Innate Abilities, Weirdness & Mutations

You have large cloven feet.
You are partially covered in rugged brown scales. (AC +1, +3% HP)
You frequently emit foul miasma when damaged in melee.
You are partially covered in sharp spines.


   Skills:
 - Level 2.3 Fighting
 - Level 14.0 Polearms
 - Level 1.7 Throwing
 - Level 3.0 Armour
 + Level 7.1 Dodging
 - Level 11.9 Invocations


You had 10 spell levels left.
You didn't know any spells.
Your spell library contained the following spells:

 Spells                   Type           Power      Damage    Failure   Level
 Passwall                 Tmut/Erth      0%         N/A       58%         2
 Ignite Poison            Fire/Tmut/Pois 0%         N/A       82%         3
 Swiftness                Air            0%         N/A       82%         3
 Fireball                 Conj/Fire      0%         3d3       100%        5
 Irradiate                Conj/Tmut      0%         3d13      100%        5
 Invisibility             Hex            0%         N/A       100%        6
 Iron Shot                Conj/Erth      0%         9d1       100%        6
 Starburst                Conj/Fire      0%         6d3       100%        6
 Statue Form              Tmut/Erth      0%         N/A       100%        6
 Ignition                 Fire           0%         3d3       100%        8

Inventory:

Hand Weapons
 a - a +1 trident of flaming (weapon)
Missiles
 d - 3 throwing nets (quivered) {=f}
Armour
 b - a +0 leather armour (worn)
 c - a +0 helmet (worn)
 g - a +1 pair of boots (worn)
 m - a +2 cloak (worn)
Magical Staves
 h - a staff of death {!a}
Jewellery
 i - an amulet of guardian spirit (around neck)
 l - the ring "Boykhlek" (left hand) {Contam Fly rElec rF+ rN+}
   (You acquired it on level 6 of the Dungeon)

   [ring of protection from fire]

   rF:        It protects you from fire.
   rElec:     It insulates you from electricity.
   rN:        It protects you from negative energy.
   Fly:       It grants you flight.
   Contam:    It causes magical contamination when unequipped.
 x - an amulet of magic regeneration
 F - a ring of protection from fire
 N - a ring of positive energy
 R - a ring of resist corrosion
 T - a +4 ring of protection (right hand)
 W - a ring of willpower
Wands
 s - a wand of acid (3)
 y - a wand of iceblast (4)
 D - a wand of flame (29)
 G - a wand of mindburst (15)
Scrolls
 e - a scroll of magic mapping
 f - 3 scrolls of teleportation {@r2}
 o - a scroll of brand weapon
 v - 2 scrolls of amnesia
 z - 4 scrolls of enchant armour
 B - a scroll of fear
 C - a scroll of enchant weapon
 E - 2 scrolls of blinking
 K - a scroll of fog
 M - a scroll of summoning
Potions
 j - a potion of invisibility
 k - 2 potions of heal wounds {@q2}
 n - 3 potions of lignification
 p - a potion of might
 q - 3 potions of brilliance
 r - 2 potions of flight
 t - 3 potions of curing {@q1}
 u - a potion of resistance
 w - a potion of cancellation
 H - a potion of degeneration {unknown}
 I - a potion of mutation
 J - 2 potions of berserk rage {!q}
Miscellaneous
 A - a box of beasts (inert)

Dungeon Overview and Level Annotations

Branches:
Dungeon (10/15)            Temple (0/1) D:7            Lair (2/6) D:10
 Spider (0/4) Lair:2
  Swamp: Lair:2-4    Shoals: Lair:2-4       Orc: D:9-12

Altars:
Ashenzari
Dithmenos
Gozag
Hepliaklqana
Makhleb
Nemelex Xobeh
Ru
Sif Muna
Trog
Uskayaw
Xom
Zin
The Shining One

Shops:
D:9 (   D:10 ?

Annotations:
D:7 2 runed translucent doors
Lair:1 2 transporters, Cancer's ghost, journeyman GnDe .h.YY

▒....### .8/
▒....# # (..
▒#..... #. .
▒§▒ ..#. .. ..
▒§▒▒▒▒▒▒ .# ▒▒
♣§♣....♣♣ #
♣§♣.♣†...♣▒ ..
♣♣♣♣♣3D...▒ ..
♣.♣.♣5@..♣▒ ..
♣.♣....♣♣ # ♣♣
▒▒▒ ▒▒'▒▒▒▒▒▒
.. .♣
♣♣.♣♣▒...▒ ..
♣♣ ♣♣♣...♣♣...♣
▒. ..
.♣♣♣......'>8<+
.......
♣...♣♣...♣♣...♣
▒... ..
♣♣♣.▒♣♣.♣♣▒...▒
▒....## ....▒
▒▒▒ ▒▒+▒▒
▒....##


You could see a seven-headed hydra (ally target), a friendly ynoxinul (summoned)
and a friendly ufetubus (summoned).


Message History

The seven-headed hydra bites your ufetubus!
Your ufetubus dies!
Your ufetubus disappears in a puff of smoke!
The seven-headed hydra bites your ufetubus!
Your ufetubus dies!
Your ufetubus disappears in a puff of smoke!
You reach to attack!
You puncture the seven-headed hydra! You burn the seven-headed hydra.
The seven-headed hydra is heavily wounded.
Unknown command.
You hit the seven-headed hydra. You burn the seven-headed hydra.
The seven-headed hydra is heavily wounded.
Your ufetubus hits the seven-headed hydra. x2
Your ynoxinul hits the seven-headed hydra!
Unknown command.
You puncture the seven-headed hydra! You burn the seven-headed hydra.
The seven-headed hydra is almost dead.
The seven-headed hydra bites you!
* * * LOW HITPOINT WARNING * * *
The seven-headed hydra bites you but does no damage.
The seven-headed hydra bites you!
* * * LOW HITPOINT WARNING * * *
The seven-headed hydra bites you!
* * * LOW HITPOINT WARNING * * *
The seven-headed hydra bites you!
* * * LOW HITPOINT WARNING * * *
The seven-headed hydra bites you.
* * * LOW HITPOINT WARNING * * *
The seven-headed hydra bites you!
You die...

Skill      XL: |  1  2  3  4  5  6  7  8  9 10 11 |
---------------+----------------------------------+-----
Polearms       | 3 4 6 7 9 10 12 13 14 | 14.0
Invocations    | 3 8 11 | 11.9
Armour         | 3 |  3.0
Dodging        | 7 |  7.1
Fighting       | |  2.3
Throwing       | |  1.7

Action                   |  1- 3 |  4- 6 |  7- 9 | 10-12 || total
-------------------------+-------+-------+-------+-------++-------
Melee: Trident           |    99 |   149 |   261 |   545 ||  1054
Throw: Throwing net      |       |     2 |       |       ||     2
Invok: Minor Destruction |       |       |       |     5 ||     5
       Lesser Servant of |       |       |       |     2 ||     2
       Major Destruction |       |       |       |     2 ||     2
Evoke: Wand              |       |       |    10 |     3 ||    13
       Box of beasts     |       |       |       |     1 ||     1
  Use: Potion            |     1 |     1 |       |     2 ||     4
       Scroll            |       |     5 |     9 |    10 ||    24
 Stab: Sleeping          |     5 |     1 |       |     2 ||     8
       Held in net/web   |       |     1 |       |       ||     1
       Distracted        |       |       |     1 |     4 ||     5
Armor: Leather armour    |    17 |    35 |    74 |   118 ||   244
Dodge: Dodged            |    42 |    43 |    90 |   148 ||   323

Levels and vault maps discovered:
D:1:      dpeg_arrival_long_road, layout_loops_ring,
          ebering_ecumenical_altar_abandoned, minmay_misc_feat_five,
          minmay_worlds_worst_comb
D:2:      layout_rooms, kennysheep_generic_room_5
D:3:      layout_loops_ring, lemuel_crystal_altar, grunt_ministairs_10,
          roderic_serpentine_path, minmay_distorted, uniq_robin, uniq_grinder,
          uniq_natasha
D:4:      cheibrodos_fertilizer, layout_basic, hangedman_decor_opposing
D:5:      layout_rooms, nicolae_ru_awakened_eye, lemuel_blue_sif_altar,
          minmay_misc_feat_ornament
D:6:      layout_gridville, nicolae_hepliaklqana_hazy_memory,
          kennysheep_little_box, mainiacjoe_overflow_divided_tiny,
          chequers_temple_overflow_minitemple
D:7:      layout_loops_ring, jmf_multi_god_temple2,
          minmay_temple_entry_purple_smoke, uniq_prince_ribbit1, uniq_harold,
          uniq_pikel, uniq_menkaure
D:8:      layout_rooms, grunt_dithmenos_smoke
D:9:      layout_basic, serial_shops, nicolae_diamond_shop
D:10:     layout_roguey, dpeg_oklobed_lair, serial_shops, shop_scrolls
Lair:1:   layout_loops_ring, gammafunk_ghost_berserking_beasts,
          infiniplex_staircase_pool_2, uniq_gastronok
Lair:2:   nzn_winding_woodlands_stair_cross
          [nzn_winding_woodlands_5x15_river_crossing,
          nzn_winding_woodlands_center_pierced_h,
          nzn_winding_woodlands_5x15_parted,
          nzn_winding_woodlands_5x5_perimeter,
          nzn_winding_woodlands_5x5_default,
          nzn_winding_woodlands_5x15_sidewinder,
          nzn_winding_woodlands_center_lodge,
          nzn_winding_woodlands_5x15_jagged], layout_misc_corridors,
          spider_nest_entry_webs, special_room [special_room_bee],
          grunt_forest_stairs_basic, lemuel_fruit_tree

Notes
Turn   | Place    | Note
-------+----------+-------------------------------------------
     0 | D:1      | demibob the Demonspawn Gladiator began the quest for the
                  | Orb.
     0 | D:1      | Reached XP level 1. HP: 16/16 MP: 1/1
   115 | D:1      | Reached skill level 3 in Polearms
   264 | D:1      | Found a faded altar of an unknown god.
   272 | D:1      | Gained mutation: You are partially covered in sharp spines.
                  | [demonic ancestry]
   272 | D:1      | Reached XP level 2. HP: 7/22 MP: 2/2
   844 | D:1      | Reached XP level 3. HP: 27/27 MP: 3/3
   872 | D:1      | Reached skill level 4 in Polearms
  1168 | D:2      | HP: 2/27 [frozen (2)]
  1497 | D:2      | Gained mutation: You are partially covered in rugged brown
                  | scales. (AC +1, +3% HP) [demonic ancestry]
  1497 | D:2      | Reached XP level 4. HP: 27/33 MP: 4/4
  2193 | D:3      | Noticed Robin
  2222 | D:3      | Killed Robin
  2223 | D:3      | Reached skill level 5 in Polearms
  2385 | D:3      | Noticed Grinder
  2403 | D:3      | Killed Grinder
  2404 | D:3      | Reached skill level 6 in Polearms
  2404 | D:3      | Gained mutation: You may rarely emit foul miasma when
                  | damaged in melee. [demonic ancestry]
  2404 | D:3      | Reached XP level 5. HP: 39/39 MP: 5/5
  2404 | D:3      | Reached XP level 6. HP: 45/45 MP: 6/6
  3270 | D:4      | Reached skill level 7 in Polearms
  3585 | D:4      | Gained mutation: You have large cloven feet. [demonic
                  | ancestry]
  3585 | D:4      | Reached XP level 7. HP: 51/51 MP: 7/7
  3845 | D:4      | Reached skill level 8 in Polearms
  3912 | D:5      | Entered Level 5 of the Dungeon
  3912 | D:5      | Noticed a yak
  3912 | D:5      | Noticed a yak
  3912 | D:5      | Noticed a yak
  4291 | D:4      | Reached skill level 9 in Polearms
  4291 | D:4      | Gained mutation: You sometimes emit foul miasma when
                  | damaged in melee. [demonic ancestry]
  4291 | D:4      | Reached XP level 8. HP: 45/57 MP: 5/8
  4380 | D:5      | Reached skill level 10 in Polearms
  4667 | D:5      | Found a shimmering blue altar of Sif Muna.
  4870 | D:5      | Found a sacrificial altar of Ru.
  5045 | D:3      | Noticed Natasha
  5049 | D:3      | Killed Natasha
  5169 | D:1      | Became a worshipper of Makhleb the Destroyer
  5169 | D:1      | Reached * piety under Makhleb
  5388 | D:5      | Reached skill level 1 in Invocations
  5467 | D:6      | Reached skill level 2 in Invocations
  5564 | D:6      | Reached skill level 3 in Invocations
  5564 | D:6      | Reached XP level 9. HP: 63/63 MP: 11/11
  5632 | D:6      | Reached skill level 4 in Invocations
  5637 | D:6      | Reached skill level 11 in Polearms
  5675 | D:6      | Found a shimmering altar of Xom.
  5675 | D:6      | Found a faded altar of an unknown god.
  5683 | D:6      | Found a hide-covered altar of Uskayaw.
  5687 | D:6      | Found a bloodstained altar of Trog.
  5740 | D:6      | Found an opulent altar of Gozag.
  5741 | D:6      | Found a broken altar of Ashenzari.
  5943 | D:6      | Identified a scroll of acquirement
  5943 | D:6      | Acquired the ring "Boykhlek" {Contam Fly rElec rF+ rN+}
  5954 | D:6      | Found a sparkling altar of Nemelex Xobeh.
  6182 | D:6      | Reached skill level 5 in Invocations
  6217 | D:6      | Found a hazy altar of Hepliaklqana.
  6237 | D:6      | Reached ** piety under Makhleb
  6466 | D:7      | Noticed Harold
  6469 | D:7      | Noticed Prince Ribbit
  6477 | D:7      | Killed Prince Ribbit
  6478 | D:7      | Reached skill level 6 in Invocations
  6480 | D:7      | Killed Harold
  6481 | D:7      | Reached skill level 7 in Invocations
  6594 | D:7      | Reached skill level 8 in Invocations
  6628 | D:7      | Found a staircase to the Ecumenical Temple.
  6695 | D:7      | Reached skill level 12 in Polearms
  6951 | D:7      | Noticed a kobold demonologist
  6953 | D:7      | Noticed a rust devil
  6955 | D:7      | Killed a kobold demonologist
  6956 | D:7      | Gained mutation: You frequently emit foul miasma when
                  | damaged in melee. [demonic ancestry]
  6956 | D:7      | Reached XP level 10. HP: 70/70 MP: 16/16
  6966 | D:7      | Noticed a rust devil
  7086 | D:7      | Noticed Menkaure
  7151 | D:7      | Killed Menkaure
  7388 | D:7      | Noticed Pikel
  7403 | D:7      | Killed Pikel
  7404 | D:7      | Reached skill level 9 in Invocations
  7442 | D:7      | Found a large runed translucent door.
  7447 | D:7      | Found a large runed translucent door.
  7692 | D:8      | Reached skill level 10 in Invocations
  7956 | D:8      | Reached *** piety under Makhleb
  8116 | D:8      | Found a shadowy altar of Dithmenos.
  8194 | D:8      | Upgraded the game from 0.28-a0-529-g3bad584f25 to
                  | 0.28-a0-533-g9f97627e2a
  8272 | D:9      | Reached skill level 13 in Polearms
  8272 | D:9      | Reached skill level 11 in Invocations
  8352 | D:9      | Found Nazuwn's Weapon Emporium.
  8973 | D:10     | Entered Level 10 of the Dungeon
  8982 | D:10     | Found Laniugull's Magic Scroll Emporium.
  8986 | D:10     | Bought a scroll of identify for 20 gold pieces
  8986 | D:10     | Bought a scroll of identify for 20 gold pieces
  8986 | D:10     | Bought a scroll of identify for 20 gold pieces
  8986 | D:10     | Bought a scroll of identify for 20 gold pieces
  8986 | D:10     | Bought a scroll of noise for 10 gold pieces
  8986 | D:10     | Bought a scroll of summoning for 95 gold pieces
  9081 | D:10     | Got the Tome of Shifting Stones
  9390 | D:10     | Found a staircase to the Lair.
  9409 | D:10     | Reached XP level 11. HP: 74/75 MP: 17/19
  9587 | D:10     | Reached skill level 1 in Armour
  9757 | Lair:1   | Entered Level 1 of the Lair of Beasts
  9778 | Lair:1   | Reached **** piety under Makhleb
  9787 | Lair:1   | Noticed Gastronok
  9799 | Lair:1   | Killed Gastronok
  9800 | Lair:1   | Reached skill level 2 in Armour
  9928 | Lair:1   | You are sucked into a shaft and drop 1 floor!
  9941 | Lair:2   | Reached skill level 3 in Armour
  9965 | Lair:2   | Reached skill level 3 in Dodging
 10318 | Lair:1   | Reached skill level 14 in Polearms
 10576 | Lair:1   | Found a transporter.
 10641 | Lair:1   | Found a transporter.
 10647 | Lair:1   | Noticed Cancer's ghost (journeyman GnDe)
 10651 | Lair:1   | Identified a potion of resistance
 10946 | Lair:2   | Reached skill level 4 in Dodging
 11046 | Lair:2   | Reached skill level 5 in Dodging
 11159 | Lair:2   | Found a hole to the Spider Nest.
 11202 | Lair:2   | Noticed a four-headed hydra
 11209 | Lair:2   | Killed a four-headed hydra
 11210 | Lair:2   | Reached skill level 6 in Dodging
 11375 | Lair:2   | Noticed a catoblepas
 11375 | Lair:2   | Noticed a death yak
 11407 | Lair:2   | Killed a catoblepas
 11417 | Lair:2   | Reached skill level 7 in Dodging
 11423 | Lair:2   | Noticed a seven-headed hydra
 11430 | Lair:2   | HP: 6/75 [seven-headed hydra (3)]
 11430 | Lair:2   | Slain by a seven-headed hydra

Vanquished Creatures
  Harold (D:7)
  A hydra (Lair:2)
  Pikel (D:7)
  3 cane toads
  A rime drake (Lair:2)
  A kobold demonologist (D:7)
  A troll (D:10)
  A polar bear (Lair:2)
  Prince Ribbit (D:7)
  Grinder (D:3)
  3 redbacks (Lair:2)
  A wraith (D:7)
  A wyvern (Lair:2)
  13 yaks
  Menkaure (D:7)
  7 water moccasins
  7 orc warriors
  2 sky beasts
  An ice beast (D:7)
  2 black bears
  A necrophage (D:6)
  4 ogres
  6 wolves (Lair:1)
  A centaur (D:6)
  2 lemures (D:7)
  2 kobold brigands
  5 bullfrogs
  2 scorpions
  12 killer bees
  3 centaur zombies
  3 jellies
  3 hounds
  A gnoll shaman (D:8)
  7 orc priests
  A bullfrog skeleton (D:4)
  4 iguanas
  15 orc wizards
  Natasha (D:3)
  A killer bee zombie (D:9)
  2 hound skeletons (D:5)
  3 howler monkey zombies
  Robin (D:3)
  11 gnolls
  A howler monkey skeleton (D:4)
  3 adders
  A shadow imp (D:6)
  A worm (D:4)
  4 dart slugs
  38 orcs
  12 ball pythons
  5 bats
  19 endoplasms
  12 giant cockroaches (D:1)
  8 goblins
  8 hobgoblins
  10 jackals
  3 quokkas
  2 frilled lizards
  19 kobolds
  6 rats
293 creatures vanquished.

Vanquished Creatures (collateral kills)
  Gastronok (Lair:1)
  A catoblepas (Lair:2)
  A polar bear (Lair:2)
  A bullfrog (Lair:2)
4 creatures vanquished.

Vanquished Creatures (others)
  5 fungi (D:4)
  14 plants
  9 toadstools (D:4)
28 creatures vanquished.

Grand Total: 325 creatures vanquished

Table legend: (Time is in decaauts)
 A = Elapsed time spent in this place.
 B = Non-inter-level travel time spent in this place.
 C = Inter-level travel time spent in this place.
 D = Time resting spent in this place.
 E = Time spent auto-exploring this place.
 F = Levels seen in this place.
 G = Mean time per level.
                   A        B        C        D        E       F      G
               +--------+--------+--------+--------+--------+-----+--------+
         Total |  11206 |  10323 |    883 |   2113 |   6380 |  12 |  933.8 |
       Dungeon |   9604 |   8740 |    864 |   1780 |   5376 |  10 |  960.4 |
          Lair |   1601 |   1582 |     19 |    332 |   1004 |   2 |  800.5 |
               +--------+--------+--------+--------+--------+-----+--------+

Top non-repeatable levels by time:
     D:4: 1358 daAuts
     D:1: 1101 daAuts
     D:2: 1095 daAuts
     D:7: 1074 daAuts
     D:3: 1053 daAuts
     D:6: 1029 daAuts
  Lair:1: 836 daAuts
     D:5: 824 daAuts
  Lair:2: 765 daAuts
    D:10: 750 daAuts
     D:9: 738 daAuts
     D:8: 579 daAuts

Table legend:
 A = Non-vault XP
 B = Vault XP
 C = Vault XP percentage of total XP
 D = Non-vault monster count
 E = Vault monster count
 F = Vault count percentage of total count
                 A         B        C        D         E       F
            +---------+---------+-------+---------+---------+-------
      Total |   14170 |    6239 |  30.6 |     239 |      56 |  19.0
            +---------+---------+-------+---------+---------+-------
        D:1 |      51 |      14 |  21.5 |      26 |       7 |  21.2
        D:2 |      61 |       3 |   4.7 |      23 |       2 |   8.0
        D:3 |      60 |     334 |  84.8 |      12 |      16 |  57.1
        D:4 |     574 |     118 |  17.1 |      27 |      18 |  40.0
        D:5 |    1329 |       0 |   0.0 |      17 |       0 |   0.0
        D:6 |    1087 |       0 |   0.0 |      28 |       0 |   0.0
        D:7 |    1308 |    1971 |  60.1 |      13 |       4 |  23.5
        D:8 |    1571 |       0 |   0.0 |      26 |       0 |   0.0
        D:9 |    1280 |       0 |   0.0 |      28 |       0 |   0.0
       D:10 |    2155 |       0 |   0.0 |      18 |       0 |   0.0
     Lair:1 |    1339 |    1544 |  53.6 |       9 |       1 |  10.0
     Lair:2 |    3355 |    2255 |  40.2 |      12 |       8 |  40.0
            +---------+---------+-------+---------+---------+-------
